 Dungeon Crawl Stone Soup version 0.31.0-12-g77e489cdc1 (webtiles) character file.

Game seed: 12922097832781990729

777 Metae the Shield-Bearer (level 7, 0/62 HPs)
             Began as a Minotaur Fighter on Mar 3, 2024.
             Was a Follower of Uskayaw.
             Slain by an ogre
             ... wielding a +0 giant club
              (16 damage)
             ... on level 5 of the Dungeon.
             The game lasted 00:13:15 (4843 turns).

Metae the Shield-Bearer (Minotaur Fighter)          Turns: 4843, Time: 00:13:16

Health: 0/62       AC: 12    Str: 23    XL:     7   Next: 54%
Magic:  6/6        EV:  8    Int:  5    God:    Uskayaw [*.....]
Gold:   256        SH:  8    Dex:  9    Spells: 6/6 levels left

rFire   . . .        y - +3 trident (flame)
rCold   . . .        z - +0 kite shield
rNeg    . . .        r - +0 chain mail
rPois   +            (helmet restricted)
rElec   .            (no cloak)
rCorr   +            i - +0 pair of gloves
SInv    .            j - +0 pair of boots
Will    .....        (no amulet) Stlth
                     f - ring of poison resistance
HPRegen 0.30/turn    m - ring of resist corrosion
MPRegen 0.10/turn

%: no passive effects
@: no status effects
A: horns 2, retaliatory headbutt
a: Renounce Religion, Stomp


You were on level 5 of the Dungeon.
You worshipped Uskayaw.
Uskayaw was noncommittal.
You visited 2 branches of the dungeon, and saw 6 of its levels.

You collected 256 gold pieces.

Inventory:

Hand Weapons
 a - a +0 trident
 y - a +3 trident of flaming (weapon)
Missiles
 b - 9 poisoned darts (quivered)
Armour
 i - a +0 pair of gloves (worn)
 j - a +0 pair of boots (worn)
 r - a +0 chain mail (worn)
 z - a +0 kite shield (worn)
Jewellery
 f - a ring of poison resistance (left hand)
 m - a ring of resist corrosion (right hand)
Wands
 u - a wand of paralysis (5)
Scrolls
 h - 2 scrolls of immolation
 l - a scroll of vulnerability
 n - a scroll of acquirement {unknown}
 o - 2 scrolls of teleportation
 q - a scroll of fog {unknown}
 x - a scroll of fear {unknown}
Potions
 d - 2 potions of might
 e - a potion of brilliance {unknown}
 g - a potion of degeneration {unknown}
 p - a potion of resistance {unknown}
 s - 2 potions of heal wounds {unknown}
 t - a potion of lignification {unknown}
 v - 2 potions of cancellation {unknown}
 w - a potion of curing {unknown}


   Skills:
 + Level 5.7 Fighting
 + Level 5.1 Polearms
 + Level 5.7 Armour
 + Level 3.8 Dodging
 + Level 5.8 Shields


You had 6 spell levels left.
You didn't know any spells.
Your spell library contained the following spells:

 Spells                   Type           Power      Damage    Failure   Level
 Fugue of the Fallen      Necr           0%         N/A       100%        3
 Hailstorm                Conj/Ice       0%         3d5       100%        3
 Ozocubu's Armour         Ice            0%         N/A       100%        3
 Summon Ice Beast         Ice/Summ       0%         N/A       100%        3
 Manifold Assault         Tloc           0%         N/A       100%        4
 Sculpt Simulacrum        Ice/Alch       0%         N/A       100%        6


Dungeon Overview and Level Annotations

Branches:
Dungeon (5/15)             Temple (1/1) D:5

Altars:
Ashenzari
Cheibriados
Dithmenos
Elyvilon
Fedhas
Hepliaklqana
Kikubaaqudgha
Makhleb
Nemelex Xobeh
Okawaru
Ru
Sif Muna
Trog
Uskayaw
Wu Jian
Xom
Yredelemnul
Zin
The Shining One


Innate Abilities, Weirdness & Mutations

You have a pair of horns on your head.
You reflexively headbutt those who attack you in melee.


Message History

You can't go down here!
Found an ornate altar of the Wu Jian Council.
Found a blossoming altar of Fedhas and a hide-covered altar of Uskayaw.
There is a glowing golden altar of the Shining One here.
There is a hide-covered altar of Uskayaw here.
You kneel at the altar of Uskayaw.
Uskayaw welcomes you!
You enter the shallow water.
Moving in this stuff is going to be slow.
You enter the shallow water.
Moving in this stuff is going to be slow.
There is a staircase back to the Dungeon here.
There is a staircase back to the Dungeon here.
You climb upwards.
Welcome back to the Dungeon!
There is a staircase to the Ecumenical Temple here.
An ogre comes into view. It is wielding a +0 giant club.
The ogre shouts!
An ice beast comes into view.
Found 17 gold pieces.
You puncture the ice beast!
You melt the ice beast.
The ice beast is heavily wounded.
The ice beast hits you. The ice beast freezes you.
You closely miss the ice beast. You headbutt the ice beast.
The ice beast is severely wounded.
The ice beast hits you but does no damage.
You can now stomp with the beat.
You closely miss the ice beast. Your headbutt misses the ice beast.
The ice beast is severely wounded.
The ice beast hits you. The ice beast freezes you!
You closely miss the ice beast.
The ice beast is severely wounded.
The ogre hits you with a +0 giant club!!
* * * LOW HITPOINT WARNING * * *
You block the ice beast's attack. x2
You are too injured to fight recklessly!
You are too injured to fight recklessly!
You are too injured to fight recklessly!
You are too injured to fight recklessly!
The ogre hits you with a +0 giant club!
You die...

#.# #. ###....# #.#
#..##.#####....... #.#
#..##..<.......... #.#
#..##............. #.#
#######
#..###.######....#
##.###.....# #..# #.
#....#
##.#.##.###.###.!# #.
##.#.#
#.###.....#.##$.O###.
#.#.#
##.#.##.#.#.#..@.Y##.
#.#.#
##.###...............$.
#.#.. ###
####.#.#########..
#.### #.#.# #.#.# #...#
#...^ ##..# #..#


You could see an ice beast and an ogre.

Vanquished Creatures
  An ogre (D:4)
  An ice beast (D:3)
  A scorpion (D:5)
  A gnoll sergeant (D:5)
  A howler monkey (D:5)
  A jelly (D:5)
  4 hounds
  A sleepcap (D:4)
  Jessica (D:2)
  4 iguanas
  3 gnolls (D:5)
  4 adders
  3 dart slugs
  2 ribbon worms
  4 orcs
  7 bats
  4 endoplasms
  3 goblins
  5 hobgoblins
  4 quokkas
  5 ball pythons
  3 frilled lizards
  10 kobolds
  10 rats
83 creatures vanquished.

Notes
Turn   | Place    | Note
-------+----------+-------------------------------------------
     0 | D:1      | Metae the Minotaur Fighter began the quest for the Orb.
     0 | D:1      | Reached XP level 1. HP: 19/19 MP: 0/0
   196 | D:1      | Reached XP level 2. HP: 23/27 MP: 1/1
   903 | D:2      | Reached skill level 1 in Dodging
   970 | D:2      | Reached XP level 3. HP: 31/33 MP: 2/2
  1292 | D:2      | Noticed Jessica
  1302 | D:2      | Reached XP level 4. HP: 39/40 MP: 3/3
  1309 | D:2      | Killed Jessica
  1346 | D:2      | Found a faded altar of an unknown god.
  1913 | D:3      | Found a bloodstained altar of Trog.
  1913 | D:3      | Found a white marble altar of Elyvilon.
  2252 | D:3      | Reached XP level 5. HP: 47/47 MP: 4/4
  2423 | D:3      | Noticed an ice beast
  2432 | D:3      | Killed an ice beast
  2579 | D:4      | Noticed an ogre
  2587 | D:4      | Killed an ogre
  2588 | D:4      | Reached skill level 5 in Shields
  2588 | D:4      | Reached XP level 6. HP: 55/55 MP: 5/5
  2592 | D:4      | Reached skill level 5 in Fighting
  2626 | D:4      | Reached skill level 5 in Armour
  2677 | D:4      | Found a glowing silver altar of Zin.
  3052 | D:5      | Entered Level 5 of the Dungeon
  3226 | D:5      | Reached XP level 7. HP: 53/61 MP: 6/6
  4314 | D:5      | Reached skill level 5 in Polearms
  4742 | D:5      | Found a staircase to the Ecumenical Temple.
  4760 | Temple   | Entered the Ecumenical Temple
  4772 | Temple   | Became a worshipper of Uskayaw the Reveller
  4840 | D:5      | Reached * piety under Uskayaw
  4843 | D:5      | Slain by an ogre

Illustrated notes

Levels and vault maps discovered:
D:1:      spicycebolla_green_bress_n_ham, layout_basic
D:2:      layout_basic, dreamdust_ecumenical_altar_statues,
          minmay_randomly_rotated_circles, uniq_jessica
D:3:      layout_basic, nicolae_overflow_two_pavilions, chequers_mini_garden
D:4:      layout_cave_pools, lemuel_doored_altar
D:5:      layout_loops_ring, lemuel_tele_altar, minmay_temple_entry_slanted,
          minmay_crossroads
Temple:   nicolae_temple_bog_church

Skill      XL: |  1  2  3  4  5  6  7 |
---------------+----------------------+-----
Dodging        | 1 2 3 |  3.8
Fighting       | 4 5 |  5.7
Polearms       | 3 4 5 |  5.1
Armour         | 4 5 |  5.7
Shields        | 4 5 |  5.8

Action                     |  1- 3 |  4- 6 |  7- 9 || total
---------------------------+-------+-------+-------++-------
  Melee: Trident           |    85 |   144 |    68 ||   297
         Headbutt          |    10 |    15 |    10 ||    35
  Evoke: Wand              |       |       |     1 ||     1
    Use: Scroll            |       |     1 |     2 ||     3
   Stab: Paralysed         |       |       |     2 ||     2
 Armour: Scale mail        |    44 |    19 |       ||    63
         Chain mail        |       |    55 |    59 ||   114
  Dodge: Dodged            |    24 |    43 |    32 ||    99
  Block: Buckler           |     5 |    24 |    21 ||    50
         Kite shield       |       |       |     2 ||     2
